 Dungeon Crawl Stone Soup version 0.27.1 (webtiles) character file.

Game seed: 1500165074452103917

31 GameOver the Conjurer (level 3, -2/28 HPs)
             Began as a Naga Hedge Wizard on Sept 3, 2021.
             Slain by Sigmund (6 damage)
             ... on level 2 of the Dungeon.
             The game lasted 00:03:33 (749 turns).

GameOver the Conjurer (Naga Hedge Wizard)            Turns: 749, Time: 00:03:33

Health: -2/28      AC:  3    Str: 12    XL:     3   Next: 22%
Magic:  4/7        EV:  9    Int: 15    God:
Gold:   12         SH:  0    Dex: 10    Spells: 2/8 levels left

rFire    . . .     SeeInvis +   w - +0 short sword
rCold    . . .     Faith    .   (no shield)
rNeg     . . .     Spirit   .   b - +0 robe
rPois    +         Reflect  .   c - +0 helmet
rElec    .         Harm     .   (no cloak)
rCorr    .         Rampage  .   (no gloves)
Will     .....                  (no barding)
Stlth    ++........             (no amulet)
HPRegen  0.09/turn              (no ring)
MPRegen  0.10/turn              (no ring)

@: very slow
A: AC +1, large, see invisible, deformed body, poison resistance, slowness 2,
spit poison 1, naga tail 1
a: Spit Poison


You were on level 2 of the Dungeon.
You visited 1 branch of the dungeon, and saw 2 of its levels.

You collected 12 gold pieces.

Inventory:

Hand Weapons
 w - a +0 short sword (weapon)
Armour
 b - a +0 robe (worn)
 c - a +0 helmet (worn)
Scrolls
 d - a scroll of holy word {unknown}
 e - a scroll of enchant weapon {unknown}
 f - a scroll of identify {unknown}
Potions
 a - a potion of haste {unknown}


   Skills:
 - Level 1.5 Dodging
 - Level 3.0 Stealth
 - Level 3.0 Spellcasting
 + Level 3.1 Conjurations
 - Level 1.0 Summonings
 - Level 1.0 Translocations


You had 2 spell levels left.
You knew the following spells:

 Your Spells              Type           Power      Damage    Failure   Level
a - Magic Dart            Conj           44%        1d5       5%          1
b - Blink                 Tloc           N/A        N/A       21%         2
d - Mephitic Cloud        Conj/Pois/Air  5%         N/A       36%         3

Your spell library contained the following spells:

 Spells                   Type           Power      Damage    Failure   Level
 Call Imp                 Summ           5%         N/A       21%         2
 Slow                     Hex            2%         N/A       30%         2
 Conjure Flame            Conj/Fire      6%         6-21      32%         3


Dungeon Overview and Level Annotations

Branches:
Dungeon (2/15)

Altars:

Shops:
D:1 [[*

Annotations:
D:2 Sigmund


Innate Abilities, Weirdness & Mutations

Your serpentine skin is tough. (AC +1)
You have supernaturally acute eyesight. (SInv)
Armour fits poorly on your strangely shaped body.
Your system is resistant to poisons. (rPois)
You cover ground very slowly.
You can spit poison.
You have a snake-like lower body.


Message History

Sigmund is moderately wounded.
Sigmund hits you with a +0 scythe!
* * * LOW HITPOINT WARNING * * *
You are too injured to fight recklessly!
You hit Sigmund.
Sigmund is moderately wounded.
A kobold comes into view. It is wielding a +0 short sword.
You have got your breath back.
The kobold shouts!
Press: ? - help, Shift-Dir - straight line, f/p - Sigmund
Aim: Sigmund, wielding a +0 scythe and wearing a +0 robe (moderately wounded, confused)
The splash of poison hits Sigmund.
Sigmund is poisoned.
Sigmund is heavily wounded.
There is an open door here.
Casting: Mephitic Cloud (extremely dangerous; 36% risk of failure)
Confirm with . or Enter, or press ? or * to list all spells.
Aiming: Magic Dart (safe; 5% risk of failure)
Press: ? - help, Shift-Dir - straight line, f/p - Sigmund
Aim: Sigmund, wielding a +0 scythe and wearing a +0 robe (heavily wounded, confused, poisoned, 100% to hit)
The magic dart hits Sigmund but does no damage.
Sigmund is heavily wounded.
Sigmund looks more healthy.
Sigmund says, "I'm a little confused."
You have got your breath back.
Sigmund closely misses the kobold.
Press: ? - help, Shift-Dir - straight line, f/p - Sigmund
Aim: Sigmund, wielding a +0 scythe and wearing a +0 robe (heavily wounded, confused)
You fail to use your ability.
Press: ? - help, Shift-Dir - straight line, f/p - Sigmund
Aim: Sigmund, wielding a +0 scythe and wearing a +0 robe (heavily wounded, confused)
The splash of poison hits Sigmund.
Sigmund is poisoned.
Sigmund is severely wounded.
You hit the kobold but do no damage.
The kobold hits you with a +0 short sword.
You have got your breath back.
Sigmund seems less confused.
The kobold hits you with a +0 short sword.
* * * LOW HITPOINT WARNING * * *
Sigmund hits you from afar with a +0 scythe.
You die...

..............#####
..............'....
..............#####
.##.....### #.###.#
########'###.######
#.........##......#
#.........##......#
#..@K.....##......#
#....@....##......#
########+###.#######
#........ #########


You could see Sigmund (poisoned) and a kobold.

Vanquished Creatures
  A dart slug (D:1)
  4 ball pythons (D:1)
  4 endoplasms
  2 giant cockroaches (D:1)
  2 goblins (D:1)
  2 jackals (D:1)
  4 kobolds (D:1)
  A quokka (D:1)
  2 bats (D:1)
  3 rats (D:1)
25 creatures vanquished.

Notes
Turn   | Place    | Note
-------+----------+-------------------------------------------
     0 | D:1      | GameOver the Naga Hedge Wizard began the quest for the Orb.
     0 | D:1      | Reached XP level 1. HP: 15/15 MP: 4/4
    67 | D:1      | Found Kudiur's Armour Boutique.
   113 | D:1      | Reached XP level 2. HP: 22/22 MP: 3/6
   287 | D:1      | Found Gani's Assorted Antiques.
   302 | D:1      | Found Daasod's Armour Shop.
   405 | D:1      | Reached XP level 3. HP: 28/28 MP: 3/7
   408 | D:1      | Learned a level 2 spell: Blink
   412 | D:1      | Learned a level 3 spell: Mephitic Cloud
   733 | D:2      | Noticed Sigmund
   749 | D:2      | Slain by Sigmund

Illustrated notes

Levels and vault maps discovered:
D:1:      wander_arrival_peaceful_grave, layout_loops_ring, serial_shops,
          nicolae_square_shop, nicolae_shop_stone, nicolae_diamond_shop
D:2:      layout_basic, uniq_sigmund

Skill      XL: |  1  2  3 |
---------------+----------+-----
Conjurations   | 2 3 |  3.1
Dodging        | |  1.5
Stealth        | |  3.0
Spellcasting   | |  3.0
Summonings     | |  1.0
Translocations | |  1.0

Action                   || total
-------------------------++-------
Melee: Short sword       ||     5
 Cast: Magic Dart        ||    29
       Mephitic Cloud    ||     1
 Abil: Spit Poison       ||    28
 Stab: Sleeping          ||     1
Armor: Robe              ||     1
Dodge: Dodged            ||     8
